 Dungeon Crawl Stone Soup version 0.25-a0-842-g81a31cfd23 (webtiles) character file.

Game seed: 5174339890287352468, levelgen mode: deterministic

131 Conn the Magician (level 5, -1/32 HPs)
             Began as an Octopode Wizard on Apr 25, 2020.
             Slain by a river rat (7 damage)
             ... in a sewer.
             The game lasted 00:09:35 (2917 turns).

Conn the Magician (Octopode Wizard)                 Turns: 2917, Time: 00:09:36

Health: -1/32      AC:  1    Str:  6    XL:     5   Next: 14%
Magic:  1/11       EV: 13    Int: 22    God:
Gold:   162        SH:  0    Dex: 10    Spells: 5/13 levels left

rFire    + . .     SeeInvis +   h - +0 short sword
rCold    . . .     Gourm    .   (no shield)
rNeg     . . .     Faith    .   a - +0 hat
rPois    .         Spirit   .   (no amulet)
rElec    .         Reflect  .   j - ring of protection from fire
rCorr    .         Harm     .   k - ring of see invisible
MR       .....                  (no ring)
Stlth    ++++......             (no ring)
HPRegen  0.10/turn              (no ring)
MPRegen  0.12/turn              (no ring)
                                (no ring)
                                (no ring)

@: very slightly contaminated
A: almost no armour, stealthy swim, amphibious, 8 rings, constrict 8, camouflage
1, gelatinous body 1
a: no special abilities


You were in a sewer.
You were not hungry.

You visited 1 branch of the dungeon, and saw 3 of its levels.
You also visited: Sewer.

You collected 162 gold pieces.

Inventory:

Hand Weapons
 f - a +0 dagger
 h - a +0 short sword (weapon)
Armour
 a - a +0 hat (worn)
 g - a cursed +0 buckler
Jewellery
 j - a ring of protection from fire (left tentacle)
 k - a ring of see invisible (right tentacle)
Scrolls
 b - a scroll of identify
 d - a scroll of enchant weapon {unknown}
 e - a scroll of remove curse {unknown}
 l - a scroll of fog {unknown}
 m - a scroll of teleportation {unknown}
 q - a scroll of immolation {unknown}
Potions
 p - a potion of might
 r - a potion of resistance {unknown}
Comestibles
 c - 4 rations
 o - 4 chunks of flesh


   Skills:
 + Level 0.8 Fighting
 + Level 0.7 Short Blades
 + Level 2.2 Dodging
 + Level 3.7 Stealth
 * Level 4.5 Spellcasting
 + Level 1.5 Conjurations
 + Level 1.0 Summonings
 + Level 1.0 Translocations


You had 5 spell levels left.
You knew the following spells:

 Your Spells              Type           Power        Failure   Level  Hunger
a - Magic Dart            Conj           ##..         5%          1    None
b - Blink                 Tloc           N/A          11%         2    #......
c - Call Imp              Summ           #.......     11%         2    #......
d - Conjure Flame         Conj/Fire      #.......     22%         3    ##.....

Your spell library contained the following spells:

 Spells                   Type           Power        Failure   Level  Hunger
 Slow                     Hex            #.......     16%         2    #......
 Mephitic Cloud           Conj/Pois/Air  #.......     26%         3    ##.....


Dungeon Overview and Level Annotations

Branches:
Dungeon (3/15)              Sewer (1/1)

Altars:
Okawaru


Innate Abilities, Weirdness & Mutations

You cannot wear most types of armour.
You are very stealthy in the water. (Stealth+)
You are amphibious.
You can wear up to eight rings at the same time.
You can use your tentacles to constrict eight enemies at once.
Your skin changes colour to match your surroundings (Stealth+).
Your rubbery body absorbs attacks. (AC +1, EV +1)


Message History

Okay, then.
As you read the scroll labeled DEFFEULUHY, it crumbles to dust.
It is a scroll of identify.
p - a potion of might The river rat closely misses you.
The river rat bites you!
Your crimson imp hits the river rat but does no damage.
Unknown command.
The river rat bites you.
* * * LOW HITPOINT WARNING * * *
Unknown command.
Unknown command.
Casting: Call Imp (safe; 11% risk of failure)
Confirm with . or Enter, or press ? or * to list all spells.
Okay, then.
You feel better. The river rat bites you!
* * * LOW HITPOINT WARNING * * *
Your crimson imp hits the river rat.
Your crimson imp blinks!
The river rat bites you!
You die...

#≈≈≈≈≈≈#
#≈≈§≈≈≈#
#≈≈≈≈≈≈#
#≈≈≈≈≈≈#
#≈≈≈≈≈≈#
#≈≈§≈≈≈#
#≈≈≈≈≈≈#
#≈≈≈≈≈≈#
#≈≈≈≈≈≈#
#≈≈≈≈≈≈#
#≈≈≈≈≈≈#
#≈≈≈≈≈≈#
#≈.≈≈≈≈#
#≈≈≈5≈≈#
#≈≈≈#≈≈#
#≈≈rr≈5#
#≈≈≈≈.≈#
#≈≈@≈≈≈#
#≈≈÷≈≈≈#
#≈≈≈≈≈≈#
#≈≈≈≈≈≈#
#≈≈≈≈≈≈#
#≈≈≈÷≈≈#
#≈≈≈≈≈≈#
#≈≈≈≈≈≈#
#≈≈≈≈≈≈#
#≈≈≈≈5≈#
#≈≈≈≈≈≈#
##..≈≈.#
##≈≈..##
#..÷..÷##
##......#
##......##
##......##


You could see 2 river rats and 2 friendly crimson imps.

Vanquished Creatures
  3 adders
  2 oozes
  A worm (D:2)
  A dart slug (D:3)
  A leopard gecko (D:1)
  3 orcs (D:3)
  3 giant cockroaches
  4 goblins
  8 hobgoblins
  3 jackals (D:3)
  4 kobolds
  7 bats
  6 frilled lizards
  8 rats
54 creatures vanquished.

Vanquished Creatures (collateral kills)
  3 gnolls (D:3)
  An adder (Sewer)
  A river rat (Sewer)
  A giant cockroach (D:3)
  A hobgoblin (D:3)
  A frilled lizard (Sewer)
  4 rats (Sewer)
12 creatures vanquished.

Grand Total: 66 creatures vanquished

Notes
Turn   | Place    | Note
-------+----------+-------------------------------------------
     0 | D:1      | Conn the Octopode Wizard began the quest for the Orb.
     0 | D:1      | Reached XP level 1. HP: 11/11 MP: 4/4
    97 | D:1      | Reached XP level 2. HP: 6/17 MP: 0/6
   836 | D:1      | Reached XP level 3. HP: 20/21 MP: 8/8
  1342 | D:1      | Learned a level 2 spell: Blink
  1345 | D:1      | Learned a level 2 spell: Call Imp
  1349 | D:1      | Learned a level 3 spell: Conjure Flame
  1689 | D:2      | Reached skill level 4 in Spellcasting
  2207 | D:3      | Reached XP level 4. HP: 23/27 MP: 10/10
  2237 | D:3      | Found an iron altar of Okawaru.
  2594 | D:3      | Reached XP level 5. HP: 19/32 MP: 6/11
  2595 | D:3      | Found a glowing drain.
  2604 | Sewer    | Entered a sewer
  2917 | Sewer    | Slain by a river rat

Levels and vault maps discovered:
D:1:      dpeg_arrival_pond, layout_basic
D:2:      layout_loops_ring
D:3:      layout_loops_ring, cheibrodos_sewer_entry_sluice,
          minmay_strange_pillars, okawaru_altar_gauntlet_db
Sewer:    sewer_minmay_w

Skill      XL: |  1  2  3 |
---------------+----------+-----
Stealth        | 3 |  3.7
Spellcasting   | 4 |  4.5
Fighting       | |  0.8
Short Blades   | |  0.7
Dodging        | |  2.2
Conjurations   | |  1.5
Summonings     | |  1.0
Translocations | |  1.0

Action                   |  1- 3 |  4- 6 || total
-------------------------+-------+-------++-------
Melee: Unarmed           |    19 |       ||    19
       Constrict         |    16 |     6 ||    22
       Tentacles         |    10 |     3 ||    13
       Short sword       |    44 |    24 ||    68
       Dagger            |     4 |       ||     4
 Cast: Magic Dart        |    51 |    33 ||    84
       Call Imp          |       |    13 ||    13
  Use: Potion            |       |     3 ||     3
       Scroll            |       |     1 ||     1
 Stab: Sleeping          |     8 |       ||     8
  Eat: Chunk             |     4 |     2 ||     6
Armor: Skin              |    15 |     1 ||    16
Dodge: Dodged            |    78 |    30 ||   108

Table legend:
 A = Non-vault XP
 B = Vault XP
 C = Vault XP percentage of total XP
 D = Non-vault monster count
 E = Vault monster count
 F = Vault count percentage of total count
                 A         B        C        D         E       F
            +---------+---------+-------+---------+---------+-------
      Total |     135 |      53 |  28.2 |      50 |      16 |  24.2
            +---------+---------+-------+---------+---------+-------
        D:1 |      42 |       0 |   0.0 |      22 |       0 |   0.0
        D:2 |      29 |       0 |   0.0 |      11 |       0 |   0.0
        D:3 |      64 |      30 |  31.9 |      17 |       6 |  26.1
      Sewer |       0 |      23 | 100.0 |       0 |      10 | 100.0
            +---------+---------+-------+---------+---------+-------
